 Dungeon Crawl Stone Soup version 0.22-a0-1003-g31bc37a (webtiles) character file.

18284 thesequoiad the Basher (level 12, -18/106 HPs)
             Began as an Abomination Archaeologist on Nov 6, 2020.
             Was the Champion of Okawaru.
             Demolished by Rupert
             ... wielding a +2 vampiric great sword
              (31 damage)
             ... on level 12 of the Dungeon.
             The game lasted 00:49:40 (9176 turns).

thesequoiad the Basher (Abomination Archaeologist)  Turns: 9176, Time: 00:49:41

Health: -18/106    AC: 18    Str: 14    XL:     12   Next: 93%
Magic:  18/18      EV: 13    Int: 13    God:    Okawaru [******]
Gold:   102        SH: 12    Dex: 10    Spells: 11/11 levels left

rFire    + + .     SeeInvis .   w - +8 battleaxe "Qisaf" {flame, *Contam rPois rF+++ Stlth+}
rCold    + . .     Gourm    .   A - +0 shield
rNeg     + + .     Faith    .   T - +5 ring mail of Failure {rElec Slay+2}
rPois    +         Spirit   .   c - +2 hat
rElec    +         Reflect  .   F - +0 cloak
rCorr    .         Harm     .   (gloves unavailable)
MR       +....                  v - +0 pair of boots
Stlth    +++.......             (no amulet)
HPRegen  0.67/turn              (ring unavailable)
MPRegen  0.16/turn              (ring unavailable)

@: heroism
A: tentacle arms, two strong arms, no magic resistence, amphibious, 8 rings,
hooves 1, horns 1, molten scales 1, mutation resistance 1, regeneration 1, heat
vulnerability 2
a: Heroism, Finesse, Renounce Religion


You were on level 12 of the Dungeon.
You worshipped Okawaru.
Okawaru was exalted by your worship.
You were not hungry.
You have taken the pledge of Peer Pressure.
You visited 1 branch of the dungeon, and saw 12 of its levels.

You collected 549 gold pieces.
You spent 447 gold pieces at shops.

Inventory:

Hand Weapons
 a - the +6 shillelagh "Devastator" {shatter}
 b - the +9 hunting sling of Severance {venom, Str+6}
   (Okawaru gifted it to you on level 8 of the Dungeon)

   It poisons the ammo it fires.
   It affects your strength (+6).
 e - a +1 dagger of protection
 w - the +8 battleaxe "Qisaf" (weapon) {flame, *Contam rPois rF+++ Stlth+}
   (You bought it in a shop on level 10 of the Dungeon)

   It has been specially enchanted to burn those struck by it, causing extra
   injury to most foes and up to half again as much damage against particularly
   susceptible opponents.
   Big, fiery blades are also staple armaments of hydra-hunters.
   It renders you almost immune to fire.
   It protects you from poison.
   It causes magical contamination when unequipped.
   It makes you more stealthy.
 D - a +1 mace
 O - a +5 scimitar of freezing
 S - the +8 war axe of a bailey {chop, *Rage rElec rC++ SInv}
   (You found it on level 9 of the Dungeon)

   It inflicts extra damage upon your enemies.
   It greatly protects you from cold.
   It insulates you from electricity.
   It lets you see invisible.
   It may make you go berserk in combat.
 W - the +6 trident of Racinese {drain, *Rage rPois rC+ Int+4 Dex+2}
   (You found it on level 9 of the Dungeon)

   A truly terrible weapon, it drains the life of those it strikes.
   It affects your intelligence (+4).
   It affects your dexterity (+2).
   It protects you from cold.
   It protects you from poison.
   It may make you go berserk in combat.
Missiles
 u - 4 silver javelins
 P - 60 poisoned darts (quivered)
 Q - 91 stones
 Y - 12 boomerangs
Armour
 c - a +2 hat (worn)
 v - a +0 pair of boots (worn)
 A - a +0 shield (worn)
 F - a +0 cloak (worn)
 T - the +5 ring mail of Failure (worn) {rElec Slay+2}
   (Okawaru gifted it to you on level 10 of the Dungeon)

   It affects your accuracy and damage with ranged weapons and melee attacks
   (+2).
   It insulates you from electricity.
Jewellery
 k - a ring of protection from fire (on tentacle)
 o - a ring of protection from magic (left tentacle)
 E - a ring of protection from cold (right tentacle)
 G - a ring of positive energy (on tentacle)
 H - a ring of positive energy (on tentacle)
 V - an uncursed ring of ice
 Z - the ring "Deonatacs" {+Fly rC+ Str-6 Int+2}
   (You found it on level 11 of the Dungeon)

   [ring of strength]

   It affects your strength (-6).
   It affects your intelligence (+2).
   It protects you from cold.
   It lets you fly.
Wands
 d - a wand of random effects (26)
 h - a wand of iceblast (4)
 M - a wand of paralysis (39)
 R - a wand of acid
Scrolls
 f - 7 scrolls of identify
 l - 4 scrolls of remove curse
 s - 2 scrolls of recharging
 t - 3 scrolls of fear
 x - a scroll of enchant armour
 z - 4 scrolls of teleportation
 J - a scroll of fog
 K - 5 scrolls of amnesia
 L - a scroll of enchant weapon
 N - 2 scrolls of magic mapping
Potions
 m - 3 potions of flight
 n - 2 potions of brilliance
 p - a potion of agility
 q - 2 potions of restore abilities
 r - 2 potions of ambrosia
 C - a potion of haste
 I - 3 potions of curing
 U - a potion of resistance
 X - a potion of degeneration {unknown}
Comestibles
 g - 26 rations
 j - 17 chunks of flesh


   Skills:
 + Level 9.8(14.8) Fighting
 * Level 3.0(15.0) Axes
 * Level 11.1(16.3) Maces & Flails
 - Level 3.0(8.0) Armour
 - Level 3.0(8.0) Dodging
 - Level 0.3(5.3) Stealth
 + Level 7.9(12.9) Shields
 + Level 7.2 Invocations


You had 11 spell levels left.
You didn't know any spells.
Your spell library contained the following spells:

 Spells                   Type           Power        Failure   Level  Hunger
 Magic Dart               Conj           #...         58%         1    ##.....
 Conjure Flame            Conj/Fire      #.......     91%         3    ####...
 Lightning Bolt           Conj/Air       #.........   100%        5    ######.
 Freezing Cloud           Conj/Ice/Air   #.........   100%        6    #######
 Mephitic Cloud           Conj/Pois/Air  #.......     91%         3    ####...
 Ring of Flames           Chrm/Fire      #.........   100%        7    #######
 Poisonous Cloud          Conj/Pois/Air  #.........   100%        5    ######.
 Repel Missiles           Chrm/Air       #.....       73%         2    ###....
 Iron Shot                Conj/Erth      #.........   100%        6    #######
 Shock                    Conj/Air       #...         58%         1    ##.....
 Swiftness                Chrm/Air       #.......     73%         2    ###....
 Airstrike                Air            #.........   100%        4    #####..
 Ignite Poison            Fire/Tmut/Pois #.......     91%         3    ####...
 Static Discharge         Conj/Air       #.......     91%         3    ####...
 Inner Flame              Hex/Fire       #.......     91%         3    ####...
 Iskenderun's Battlesphe  Conj/Chrm      #.......     100%        5    ######.
 Fulminant Prism          Conj/Hex       #.........   100%        4    #####..
 Dazzling Spray           Conj/Hex       #.....       91%         3    ####...
 Force Lance              Conj/Tloc      #.......     100%        4    #####..
 Searing Ray              Conj           #.....       73%         2    ###....
 Poisonous Vapours        Pois/Air       #.....       73%         2    ###....


Dungeon Overview and Level Annotations

Branches:
Dungeon (12/15)            Temple (0/1) D:6            Lair (0/6) D:11
    Orc (0/2) D:9

Altars:
Ashenzari
Makhleb
Nemelex Xobeh
Okawaru
Uskayaw
Vehumet
Zin
The Shining One

Shops:
D:4 *   D:5 =*?*   D:10 %%*[*

Annotations:
D:12 Rupert


Innate Abilities, Weirdness & Mutations

You have a mass of tentacles for a left arm.
You have two strong right arms.
Your body has no innate resistence to magic.
You have gills and webbed feet.
You can wear up to eight rings at the same time.
Your natural rate of healing is unusually fast.
You are very vulnerable to heat. (rF--)
You have large cloven feet.
You have a pair of small horns on your head.
You are partially covered in molten scales. (AC +2)
You are somewhat resistant to further mutation.


Message History

Aim: Rupert, wielding a +2 vampiric great sword and wearing a cursed +0 ring mail (almost dead, berserk, fast, unusually strong)
The mass of ice explodes!
The iceblast engulfs Rupert.
Rupert is almost dead.
The iceblast engulfs the troll.
The troll is severely wounded.
Evoke which item? (* to show all) (? for menu, Esc to quit)
Aiming: Corrosive Bolt
Press: ? - help, Shift-Dir - straight line, f - two-headed ogre, p - Rupert
Aim: a two-headed ogre, wielding a +0 dire flail and a +0 giant club The bolt of acid hits Rupert.
Rupert is splashed with acid.
The acid corrodes Rupert!
Rupert is almost dead.
The bolt of acid hits the troll.
The troll is splashed with acid.
The acid corrodes the troll!
The troll is almost dead.
Rupert hits you with a +2 vampiric great sword!
* * * LOW HITPOINT WARNING * * *
Rupert draws strength from your wounds!
Rupert hits you with a +2 vampiric great sword!!
You die...

#.#######
#.# #.#
#.# #O#
#T# #.#
#@# #@#
#.# #.#
#.# #.#
#.# #.#
#.# #.#


You could see Rupert (berserk), a two-headed ogre and a troll.

Vanquished Creatures
  Josephine (D:10)
  The ghost of Tbird the Basher, a journeyman HOFi of Jiyva (D:10)
  Erolcha (D:11)
  Fannar (D:10)
  3 two-headed ogres
  The ghost of thesequoiad the Quickloader, a novice AbAc of Okawaru (D:7)
  2 unseen horrors (D:12)
  Pikel (D:6)
  A cyclops (D:12)
  An ugly thing (D:11)
  Maurice (D:9)
  2 trolls
  5 slime creatures (D:12)
  2 hippogriffs (D:7)
  A spriggan (D:7)
  A shadow (D:9)
  5 wraiths
  9 yaks
  Grum (D:8)
  3 wargs (D:9)
  2 hell hounds (D:11)
  3 water moccasins
  2 ice beasts
  3 orc warriors
  3 sky beasts
  A phantom (D:10)
  A black bear (D:9)
  4 wolves (D:8)
  3 centaurs
  2 ogres
  A crocodile (D:9)
  3 big kobolds
  3 bullfrogs
  A wyvern skeleton (D:7)
  3 scorpions
  A water moccasin skeleton (D:8)
  23 killer bees
  8 wights
  A howler monkey (D:3)
  4 crimson imps
  A bullfrog zombie (D:8)
  A jelly (D:7)
  3 bullfrog skeletons
  2 orc priests
  5 hounds
  2 centaur skeletons
  6 orc wizards
  3 iguanas
  11 worker ants
  3 sheep (D:12)
  A hound zombie (D:8)
  11 gnolls
  18 adders
  3 shadow imps
  3 oozes
  2 adder skeletons
  A worm (D:2)
  2 dart slugs
  5 leopard geckos
  41 orcs
  10 bats
  4 giant cockroaches
  6 goblins
  5 hobgoblins
  14 jackals
  21 kobolds
  6 quokkas
  4 frilled lizards
  A quokka zombie (D:7)
  9 rats
319 creatures vanquished.

Vanquished Creatures (collateral kills)
  A kobold (D:8)
1 creature vanquished.

Vanquished Creatures (others)
  An adder (D:6)
  A gnoll (D:6)
2 creatures vanquished.

Grand Total: 322 creatures vanquished

Notes
Turn   | Place    | Note
-------+----------+-------------------------------------------
     0 | D:1      | thesequoiad the Abomination Archaeologist began the quest for the Orb.
     0 | D:1      | Reached XP level 1. HP: 19/19 MP: 2/2
   236 | D:1      | Reached XP level 2. HP: 26/26 MP: 3/3
   898 | D:2      | Reached skill level 1 in Armour
   898 | D:2      | Reached XP level 3. HP: 29/31 MP: 4/4
  1031 | D:2      | Reached XP level 4. HP: 39/39 MP: 5/5
  1059 | D:2      | Gained mutation: Your spells are a little harder to cast, but a little more powerful. [mutagenic meat]
  1245 | D:2      | Found a hide-covered altar of Uskayaw.
  1345 | D:2      | Gained mutation: You are weak. (Str -2) [mutagenic meat]
  1665 | D:2      | Gained mutation: You have a pair of small horns on your head. [mutagenic meat]
  1739 | D:3      | Reached XP level 5. HP: 45/46 MP: 5/6
  1910 | D:3      | Gained mutation: You are partially covered in molten scales. (AC +2) [mutagenic meat]
  2097 | D:3      | Reached skill level 1 in Maces & Flails
  2187 | D:3      | Found a glowing golden altar of the Shining One.
  2187 | D:3      | Found an iron altar of Okawaru.
  2190 | D:3      | Became a worshipper of Warmaster Okawaru
  2206 | D:3      | Lost mutation: Your spells are a little harder to cast, but a little more powerful. [mutagenic meat]
  2374 | D:3      | Reached XP level 6. HP: 47/53 MP: 7/7
  2379 | D:3      | Reached skill level 2 in Maces & Flails
  2489 | D:4      | Gained mutation: You are somewhat resistant to further mutation. [mutagenic meat]
  2594 | D:4      | Reached skill level 3 in Maces & Flails
  2594 | D:4      | Reached skill level 1 in Shields
  2594 | D:4      | Reached skill level 1 in Invocations
  2600 | D:4      | Reached XP level 7. HP: 56/60 MP: 8/8
  2712 | D:4      | Found Feuleneq's Assorted Antiques.
  2746 | D:4      | Bought a scroll of identify for 34 gold pieces
  2746 | D:4      | Bought a scroll labeled QOVVA ZAKHIA for 17 gold pieces
  3159 | D:5      | Entered Level 5 of the Dungeon
  3177 | D:5      | Found a sparkling altar of Nemelex Xobeh.
  3331 | D:5      | Gained mutation: Your magical capacity is low. (-10% MP) [mutagenic meat]
  3342 | D:5      | Found Niomig's Magic Scroll Emporium.
  3345 | D:5      | Bought a scroll of fog for 28 gold pieces
  3398 | D:5      | Found Affyatrooti's General Store.
  3515 | D:5      | Found Xeqitar's Jewellery Emporium.
  3666 | D:5      | Found a burning altar of Makhleb.
  3668 | D:5      | Noticed a green death
  3670 | D:5      | Found a glowing silver altar of Zin.
  3671 | D:5      | Noticed an angel
  3682 | D:5      | Found Tafeif's General Store.
  3834 | D:6      | Reached skill level 5 in Fighting
  3834 | D:6      | Reached skill level 4 in Maces & Flails
  3878 | D:6      | Noticed Pikel
  3902 | D:6      | Killed Pikel
  3902 | D:6      | Reached * piety under Okawaru
  3902 | D:6      | Reached ** piety under Okawaru
  3902 | D:6      | Reached skill level 5 in Maces & Flails
  3902 | D:6      | Reached XP level 8. HP: 15/69 MP: 9/9
  4036 | D:6      | Got a faintly glowing scale mail
  4047 | D:6      | Identified the cursed +0 scale mail of Recklessness {rN+} (You found it on level 6 of the Dungeon)
  4126 | D:6      | Reached skill level 6 in Maces & Flails
  4143 | D:6      | Gained mutation: You are very weak. (Str -4) [mutagenic meat]
  4209 | D:6      | Reached XP level 9. HP: 75/75 MP: 11/11
  4274 | D:6      | Found a staircase to the Ecumenical Temple.
  4568 | D:6      | Lost mutation: You are very weak. (Str -4) [mutagenic meat]
  4801 | D:7      | Noticed a two-headed ogre
  4809 | D:7      | Killed a two-headed ogre
  4809 | D:7      | Reached *** piety under Okawaru
  4809 | D:7      | Reached skill level 7 in Maces & Flails
  4813 | D:7      | Reached **** piety under Okawaru
  4832 | D:7      | Gained mutation: You are robust. (+10% HP) [mutagenic meat]
  4877 | D:7      | Reached XP level 10. HP: 87/92 MP: 11/12
  4944 | D:7      | Noticed thesequoiad's ghost (novice AbAc)
  4987 | D:7      | Killed thesequoiad's ghost
  4987 | D:7      | Reached ***** piety under Okawaru
  4987 | D:7      | Reached skill level 8 in Maces & Flails
  4987 | D:7      | Reached skill level 5 in Shields
  5136 | D:7      | Found a radiant altar of Vehumet.
  5381 | D:7      | Found a shattered altar of Ashenzari.
  5516 | D:8      | Received a gift from Okawaru
  5519 | D:8      | Got a polished hunting sling {god gift}
  5520 | D:8      | Identified the +9 hunting sling of Severance {venom, Str+6} (Okawaru gifted it to you on level 8 of the Dungeon)
  5586 | D:8      | Reached skill level 5 in Invocations
  5757 | D:8      | Noticed Grum
  5763 | D:8      | Reached XP level 11. HP: 92/103 MP: 14/14
  5766 | D:8      | Killed Grum
  5766 | D:8      | Reached skill level 9 in Maces & Flails
  5858 | D:8      | Gained mutation: You have large cloven feet. [mutagenic meat]
  6275 | D:8      | Lost mutation: You are robust. (+10% HP) [mutagenic meat]
  6571 | D:9      | Noticed Maurice
  6577 | D:9      | Killed Maurice
  6582 | D:9      | Got a slimy war axe
  6626 | D:9      | Noticed a two-headed ogre
  6633 | D:9      | Killed a two-headed ogre
  6732 | D:9      | Noticed a two-headed ogre
  6739 | D:9      | Killed a two-headed ogre
  6839 | D:9      | Got an ivory trident
  6840 | D:9      | Identified the +6 trident of Racinese {drain, *Rage rPois rC+ Int+4 Dex+2} (You found it on level 9 of the Dungeon)
  6841 | D:9      | Identified the +8 war axe of a bailey {chop, *Rage rElec rC++ SInv} (You found it on level 9 of the Dungeon)
  6883 | D:9      | Found a staircase to the Orcish Mines.
  7299 | D:9      | Lost mutation: You are weak. (Str -2) [potion of mutation]
  7299 | D:9      | Lost mutation: Your magical capacity is low. (-10% MP) [potion of mutation]
  7343 | D:10     | Entered Level 10 of the Dungeon
  7393 | D:10     | Noticed Tbird's ghost (journeyman HOFi)
  7401 | D:10     | Reached skill level 10 in Maces & Flails
  7426 | D:10     | Noticed Josephine
  7434 | D:10     | Killed Josephine
  7444 | D:10     | Reached XP level 12. HP: 48/104 MP: 11/17
  7482 | D:10     | Killed Tbird's ghost
  7482 | D:10     | Received a gift from Okawaru
  7482 | D:10     | Reached ****** piety under Okawaru
  7485 | D:10     | Got a fine ring mail {god gift}
  7496 | D:10     | Identified the +5 ring mail of Failure {rElec Slay+2} (Okawaru gifted it to you on level 10 of the Dungeon)
  7710 | D:10     | Found Jousseuv's Antique Armour Emporium.
  7728 | D:10     | Found Serurchoata's General Store.
  7927 | D:10     | Found Vaiggado's Assorted Antiques.
  7949 | D:10     | Found Teup's Food Emporium.
  7981 | D:10     | Found Tosenete's Food Emporium.
  7992 | D:10     | Noticed Fannar
  8005 | D:10     | Killed Fannar
  8143 | D:10     | Bought a jewelled battleaxe for 368 gold pieces
  8143 | D:10     | Identified the +8 battleaxe "Qisaf" {flame, *Contam rPois rF+++ Stlth+} (You bought it in a shop on level 10 of the Dungeon)
  8207 | D:11     | Noticed Erolcha
  8214 | D:11     | Killed Erolcha
  8284 | D:11     | Got a vibrating marble ring
  8285 | D:11     | Identified the cursed ring "Deonatacs" {+Fly rC+ Str-6 Int+2} (You found it on level 11 of the Dungeon)
  8304 | D:11     | Found a staircase to the Lair.
  8501 | D:11     | Identified Soloz's Grimoire of Stones and the Blaze
  8606 | D:11     | Reached skill level 1 in Axes
  8715 | D:12     | Killed an unseen horror
  8892 | D:12     | Reached skill level 11 in Maces & Flails
  8932 | D:12     | Noticed a two-headed ogre
  9093 | D:12     | Noticed Rupert
  9094 | D:12     | Noticed a two-headed ogre
  9136 | D:12     | Killed an unseen horror
  9176 | D:12     | Demolished by Rupert

Vault maps used:
D:1:      eino_arrival_tree_alley
D:2:      eat_drink_and_be_merry_uskayaw, first_ration
D:3:      gammafunk_temple_overflow_elements
D:4:      serial_shops, shop
D:5:      grunt_temple_overflow_order_and_chaos_2,
          nemelex_xobeh_ov_fountains_minmay, serial_shops, shop,
          nicolae_shop_behind_doors, nicolae_shop_competitors_out_of_business,
          nicolae_shop_behind_doors
D:6:      minmay_temple_entry_statues_fountains, minivault_1, uniq_pikel
D:7:      marbit_many_paths, kennysheep_mini, the_bakery
D:8:      uniq_grum
D:9:      minmay_orc_entry_guard_dogs, uniq_maurice
D:10:     serial_shops, shop, shop, nicolae_shop_overgrown_old_shop,
          kennysheep_mini_moat, shop_statue, minmay_strange_pillars,
          minivault_22, uniq_fannar, uniq_josephine
D:11:     minmay_lair_entry_lava, uniq_erolcha
D:12:     serial_shops, shop, serial_bayou_pond_a, uniq_harold, uniq_rupert

Skill      XL: |  1  2  3  4  5  6  7  8  9 10 11 12 |
---------------+-------------------------------------+-----
Armour         | 1 2 3 |  3.0
Dodging        | 3 |  3.0
Fighting       | 4 5 6 8 9 |  9.8
Maces & Flails | 1 3 5 6 7 8 10 11 | 11.1
Shields        | 1 2 3 4 5 7 |  7.9
Invocations    | 1 2 3 4 5 6 7 |  7.2
Axes           | 3 |  3.0
Stealth        | |  0.3

Action                   |  1- 3 |  4- 6 |  7- 9 | 10-12 || total
-------------------------+-------+-------+-------+-------++-------
Melee: Dagger            |    68 |   234 |       |       ||   302
       Whip              |     8 |       |       |       ||     8
       Tentacles         |     6 |    21 |    23 |    51 ||   101
       Headbutt          |       |    30 |    10 |    55 ||    95
       Mace              |       |    40 |   126 |       ||   166
       Shillelagh        |       |       |    63 |   287 ||   350
       Battleaxe         |       |       |       |   106 ||   106
 Fire: Hunting sling     |       |       |       |     7 ||     7
Throw: Dart              |     7 |    17 |       |       ||    24
Invok: Heroism           |       |       |       |     4 ||     4
       Finesse           |       |       |       |     1 ||     1
Evoke: Wand              |       |       |     2 |    13 ||    15
  Use: Scroll            |     7 |     9 |     4 |     8 ||    28
       Potion            |       |       |     1 |     8 ||     9
 Stab: Sleeping          |     2 |       |       |       ||     2
       Paralysed         |       |       |       |     9 ||     9
  Eat: Chunk             |       |     6 |    17 |     7 ||    30
       Ration            |       |       |       |     2 ||     2
Armor: Robe              |    11 |       |       |       ||    11
       Leather armour    |    16 |   189 |    66 |       ||   271
       Scale mail        |       |       |    17 |    56 ||    73
       Ring mail         |       |       |       |    89 ||    89
Dodge: Dodged            |    48 |   248 |    96 |   109 ||   501
Block: Shield            |       |    20 |    88 |   165 ||   273

Table legend:
 A = Spawn XP
 B = Non-spawn XP
 C = Spawn XP percentage of total XP
 D = Spawn monster count
 E = Non-spawn monster count
 F = Spawn count percentage of total count
 G = Total turns spent on level
                    A         B        C        D         E        F      G
               +---------+---------+-------+---------+---------+-------+---------
         Total |       0 |   26121 |   0.0 |       0 |     320 |   0.0 |  9176
               +---------+---------+-------+---------+---------+-------+---------
           D:1 |       0 |      23 |   0.0 |       0 |      14 |   0.0 |   888
           D:2 |       0 |     102 |   0.0 |       0 |      28 |   0.0 |   790
           D:3 |       0 |     156 |   0.0 |       0 |      31 |   0.0 |   691
           D:4 |       0 |     345 |   0.0 |       0 |      22 |   0.0 |   790
           D:5 |       0 |     105 |   0.0 |       0 |      13 |   0.0 |   726
           D:6 |       0 |    1640 |   0.0 |       0 |      29 |   0.0 |   869
           D:7 |       0 |    3575 |   0.0 |       0 |      32 |   0.0 |   741
           D:8 |       0 |    2767 |   0.0 |       0 |      38 |   0.0 |   994
           D:9 |       0 |    4597 |   0.0 |       0 |      33 |   0.0 |   854
          D:10 |       0 |    4778 |   0.0 |       0 |      20 |   0.0 |   807
          D:11 |       0 |    2998 |   0.0 |       0 |      28 |   0.0 |   551
          D:12 |       0 |    5035 |   0.0 |       0 |      32 |   0.0 |   475
               +---------+---------+-------+---------+---------+-------+---------
